 Dungeon Crawl Stone Soup version 0.13-a0-1585-g6f4f798 (webtiles) character file.

24565 Kae the Frost Mage (level 12, -5/81 HPs)
             Began as a Black Draconian Ice Elementalist on June 12, 2013.
             Was the Champion of Sif Muna.
             Slain by a yak (15 damage)
             ... on Level 7 of the Lair of Beasts on June 13, 2013.
             The game lasted 01:26:44 (25244 turns).

Kae the Frost Mage (DrIE)                          Turns: 25244, Time: 01:26:44

HP  -5/81        AC 16     Str  9      XL: 12   Next: 63%
MP  19/28        EV 15     Int 20      God: Sif Muna [******]
Gold 793         SH  0     Dex 13      Spells:  8 memorised,  4 levels left

Res.Fire  : . . .   See Invis. : .   F - +1 quarterstaff
Res.Cold  : . . .   Warding    : .   (armour unavailable)
Life Prot.: . . .   Conserve   : .   (no shield)
Res.Poison: .       Res.Corr.  : .   (helmet restricted)
Res.Elec. : +       Clarity    : .   B - +2 cloak
Sust.Abil.: . .     Spirit.Shd : .   (no gloves)
Res.Mut.  : .       Stasis     : .   N - +0 pair of boots
Res.Rott. : .       Flight     : .   (no amulet)
Saprovore : . . .                    J - ring of wizardry
                                     I - cursed +4 ring of protection

@: short of breath, non-regenerating, diseased, somewhat resistant to hostile
enchantments, fairly stealthy
A: breathe lightning, unfitting armour, electricity resistance, slow metabolism
1, AC +8, Str -1
a: Breathe Lightning, Channel Energy, Forget Spell, Renounce Religion


You were on level 7 of the Lair of Beasts.
You worshipped Sif Muna.
Sif Muna was exalted by your worship.
You were hungry.

You visited 3 branches of the dungeon, and saw 18 of its levels.

You collected 773 gold pieces.

Inventory:

Hand weapons
 F - a +1,+1 quarterstaff (weapon)
Armour
 B - a +2 cloak (worn)
 N - a +0 pair of boots (worn)
Magical devices
 d - a wand of fire (6)
 m - a wand of digging (14)
 o - a wand of fireball (2)
 v - a wand of teleportation (0)
 G - a wand of teleportation (4)
 H - a wand of fire (8)
Comestibles
 b - 3 rotting chunks of elephant flesh
 f - a choko
 h - a bread ration
 i - 7 meat rations
 K - 10 apples
Scrolls
 a - 3 scrolls of fog
 g - 6 scrolls of teleportation
 j - 7 scrolls of remove curse
 x - a scroll of fear
 D - 2 scrolls of blinking
Jewellery
 w - an uncursed amulet of stasis
 y - an uncursed ring of protection from magic
 C - an uncursed amulet of clarity
 I - a cursed +4 ring of protection (left hand)
 J - a ring of wizardry (right hand)
Potions
 e - 4 potions of heal wounds
 k - 3 potions of curing
 q - 3 potions of speed
 r - 2 potions of magic
 P - 3 potions of brilliance
 Q - 2 potions of cure mutation
 R - 2 potions of restore abilities


   Skills:
 - Level 6.0 Staves
 - Level 6.4 Dodging
 - Level 1.9 Stealth
 - Level 0.4 Traps
 * Level 8.8 Spellcasting
 - Level 9.6 Conjurations
 - Level 5.5 Summonings
 + Level 2.0 Translocations
 * Level 11.4 Ice Magic
 + Level 5.1 Air Magic
 - Level 6.0 Invocations
 - Level 7.1 Evocations


You had 4 spell levels left.
You knew the following spells:

 Your Spells              Type           Power        Failure   Level  Hunger
a - Freeze                Ice            ####         1%          1    None
b - Throw Frost           Conj/Ice       ######       1%          2    None
c - Ozocubu's Armour      Chrm/Ice       ####......   1%          3    None
d - Throw Icicle          Conj/Ice       ######..     1%          4    ###....
e - Summon Ice Beast      Ice/Summ       #####.....   1%          4    ###....
f - Repel Missiles        Chrm/Air       ###.......   1%          2    None
g - Blink                 Tloc           N/A          2%          2    None
h - Ozocubu's Refrigerat  Ice            ######....   4%          6    ######.


Dungeon Overview and Level Annotations

Branches:
Dungeon (10/27)            Temple (1/1) D:7             Orc (0/4) D:9
   Lair (7/8) D:9           Swamp (0/5) Lair:3       Spider (0/5) Lair:6
  Slime: Lair:6-8

Altars:
Ashenzari
Cheibriados
Elyvilon
Fedhas
Kikubaaqudgha
Makhleb
Nemelex Xobeh
Okawaru
Sif Muna
Trog
Vehumet
Xom
Yredelemnul
Zin
the Shining One

Shops:
D:8: %

Annotations
D:9 exclusions: oklob plant and oklob sapling, Eustachio
Lair:4 exclusions: oklob plant and 1 more exclusion


Innate Abilities, Weirdness & Mutations

You can breathe wild blasts of lightning.
Your glossy black scales are hard (AC +8).
Your body does not fit into most forms of armour.
Your cold-blooded metabolism reacts poorly to cold.
You are resistant to electric shocks.
You have a slow metabolism.
You are weak (Str -1).


Message History

* * * LOW HITPOINT WARNING * * *
Casting: Freeze
Confirm with . or Enter, or press ? or * to list all spells.
Aiming: Freeze
Press: ? - help, Shift-Dir - straight line, f/p - yak
Aim: a yak (severely wounded)
You freeze the yak.
The yak is severely wounded.
The yak gores you!
* * * LOW HITPOINT WARNING * * *
The yak gores you but does no damage.
Casting: Freeze
Confirm with . or Enter, or press ? or * to list all spells.
Aiming: Freeze
Press: ? - help, Shift-Dir - straight line, f/p - yak
Aim: a yak (severely wounded)
You freeze the yak.
The yak is almost dead.
The yak closely misses you. The yak gores you!
You die...

... ....# ###.. P......
... ..... ..... Y# #....
..... ...P ##.... ....
.#..# ..# ##.F. #.YY#
###..@## #.. #......# #...
###..### ##... ##..##
##...# #..## #....#
##..########## #...f#
.###....##.##...####....#
#............#f...#.#....#
..................#....<.#


You could see 2 yaks and a giant frog.

Vanquished Creatures
  A hydra (Lair:2)
  A hill giant (D:10)
  Joseph (D:7)
  2 griffons
  3 spiny frogs
  4 black mambas
  2 elephant slugs (Lair:3)
  3 elephants
  A queen ant (Lair:4)
  A hill giant zombie (D:9)
  A hill giant skeleton (D:6)
  A polar bear (Lair:4)
  4 blink frogs (Lair:3)
  A komodo dragon (Lair:7)
  2 trolls
  25 yaks
  A jumping spider (Lair:6)
  A wyvern (Lair:6)
  2 hungry ghosts
  2 fire drakes
  A redback (Lair:6)
  8 hippogriffs
  3 war dogs
  A boulder beetle (Lair:7)
  A necrophage (D:7)
  A swamp worm (Lair:3)
  A manticore (D:10)
  5 soldier ants (Lair:4)
  3 sky beasts
  4 giant goldfish (D:9)
  4 orc warriors
  A hippogriff zombie (D:10)
  An ice beast (D:7)
  A giant goldfish zombie (D:2)
  3 phantoms
  5 crocodiles
  A centaur (D:8)
  6 ogres
  4 water moccasins
  8 giant frogs
  2 giant slugs
  A wolf (Lair:1)
  A giant frog skeleton (D:8)
  5 agate snails
  A gnoll sergeant (D:9)
  4 killer bees (D:10)
  7 electric eels (D:9)
  An ogre zombie (D:7)
  A goliath beetle (D:7)
  11 orc priests
  7 crimson imps
  An ogre skeleton (D:5)
  A gnoll shaman (D:7)
  13 hounds
  7 iguanas
  2 spiders (Lair:6)
  An orange rat (D:7)
  10 orc wizards
  18 worker ants
  6 scorpions
  2 worker ant zombies
  6 porcupines
  A big fish zombie (D:2)
  9 sheep
  4 jellies
  A mummy (D:8)
  19 gnolls
  16 adders
  17 green rats
  5 giant centipedes
  2 adder zombies
  An iguana skeleton (D:6)
  2 giant mites
  An inept feature mimic (D:7)
  6 worms
  3 giant eyeballs
  4 grey rats (D:7)
  5 giant geckos
  3 oozes
  45 orcs
  7 giant cockroaches
  23 goblins
  16 hobgoblins
  40 jackals
  9 quokkas
  6 ball pythons
  A ball python skeleton (D:4)
  19 bats
  7 giant newts
  2 giant spores
  2 hobgoblin skeletons (D:4)
  22 kobolds
  A kobold skeleton (D:6)
  24 rats
  2 ballistomycetes
  A fungus (D:10)
  2 plants
557 creatures vanquished.

Vanquished Creatures (collateral kills)
  4 yaks (Lair:4)
  3 sheep (Lair:4)
7 creatures vanquished.

Vanquished Creatures (others)
  An ice beast (D:10)
  A giant frog (Lair:4)
  A mummy (D:9)
  2 adders
  An orc (D:8)
  A bat (D:9)
  2 jackals (D:9)
  A giant newt (D:3)
  2 rats
  A butterfly (D:9)
  A plant (D:9)
14 creatures vanquished.

Grand Total: 578 creatures vanquished

Notes
Turn   | Place    | Note
--------------------------------------------------------------
     0 | D:1      | Kae, the Draconian Ice Elementalist, began the quest for the Orb.
     0 | D:1      | Reached XP level 1. HP: 14/14 MP: 3/3
   415 | D:1      | Reached XP level 2. HP: 17/20 MP: 0/4
   874 | D:1      | Reached XP level 3. HP: 23/26 MP: 4/6
   919 | D:1      | Learned a level 2 spell: Throw Frost
  1505 | D:2      | Reached skill level 4 in Ice Magic
  1505 | D:2      | Reached XP level 4. HP: 33/33 MP: 6/8
  1506 | D:2      | Noticed a giant goldfish zombie
  1536 | D:2      | Killed a giant goldfish zombie
  1536 | D:2      | Reached XP level 5. HP: 38/38 MP: 10/10
  1540 | D:2      | Found a basalt altar of Yredelemnul.
  1950 | D:3      | Reached skill level 5 in Ice Magic
  2599 | D:3      | Reached XP level 6. HP: 45/45 MP: 10/12
  4176 | D:4      | Reached skill level 6 in Ice Magic
  4176 | D:4      | Your scales start taking on a glossy black colour.
  4176 | D:4      | Gained mutation: You are resistant to electric shocks. [draconian maturity]
  4176 | D:4      | Reached XP level 7. HP: 27/50 MP: 11/14
  4473 | D:5      | Entered Level 5 of the Dungeon
  4700 | D:5      | Learned a level 3 spell: Ozocubu's Armour
  4705 | D:5      | Learned a level 4 spell: Throw Icicle
  4870 | D:5      | Found an ancient bone altar of Kikubaaqudgha.
  4918 | D:5      | Reached XP level 8. HP: 57/57 MP: 12/17
  5007 | D:5      | Found a deep blue altar of Sif Muna.
  5164 | D:5      | Became a worshipper of Sif Muna the Loreminder
  5308 | D:6      | Reached skill level 7 in Ice Magic
  5476 | D:6      | Reached skill level 5 in Conjurations
  5751 | D:6      | Noticed a hill giant skeleton
  5835 | D:6      | Killed a hill giant skeleton
  5835 | D:6      | Acquired Sif Muna's first power
  6214 | D:6      | Reached skill level 8 in Ice Magic
  6628 | D:7      | Reached XP level 9. HP: 48/62 MP: 17/19
  7149 | D:7      | Acquired Sif Muna's second power
  7324 | D:7      | Noticed Joseph
  7346 | D:7      | Killed Joseph
  7348 | D:7      | HP: 1/62 [ogre zombie (7)]
  8056 | D:7      | Reached skill level 5 in Spellcasting
  8092 | D:7      | Reached skill level 9 in Ice Magic
  8315 | D:7      | Found a staircase to the Ecumenical Temple.
  8327 | Temple   | Entered the Ecumenical Temple
  9028 | D:8      | Reached XP level 10. HP: 69/69 MP: 16/22
  9034 | D:8      | Learned a level 4 spell: Summon Ice Beast
  9097 | D:8      | Found Gotehum's Food Shop.
  9109 | D:8      | Reached skill level 1 in Staves
  9399 | D:8      | Reached skill level 1 in Summonings
  9838 | D:8      | Acquired Sif Muna's third power
 10951 | D:9      | Found a staircase to the Orcish Mines.
 11406 | D:9      | Found a staircase to the Lair.
 11843 | D:9      | Reached skill level 10 in Ice Magic
 12213 | D:9      | Noticed Eustachio
 12399 | D:9      | Found a blossoming altar of Fedhas.
 12551 | D:9      | Identified the Almanac of Nature
 12556 | D:9      | Learned a level 2 spell: Repel Missiles
 12562 | D:9      | Noticed an oklob plant
 12868 | D:10     | Entered Level 10 of the Dungeon
 12868 | D:10     | Noticed a hill giant
 12890 | D:10     | Found a shimmering altar of Xom.
 12904 | D:10     | Reached skill level 1 in Air Magic
 13049 | D:10     | Found a shimmering altar of Xom.
 13089 | D:10     | Found a shimmering altar of Xom.
 13103 | D:10     | Found a shimmering altar of Xom.
 13103 | D:10     | Found a shimmering altar of Xom.
 13104 | D:10     | Found a shimmering altar of Xom.
 13104 | D:10     | Found a shimmering altar of Xom.
 13105 | D:10     | Found a shimmering altar of Xom.
 13172 | D:10     | Killed a hill giant
 13172 | D:10     | Reached XP level 11. HP: 16/74 MP: 7/26
 14099 | D:10     | Received a gift from Sif Muna
 14102 | D:10     | Identified Sif Muna's Tome of Snow (Sif Muna gifted it to you on level 10 of the Dungeon)
 14606 | Lair:1   | Entered Level 1 of the Lair of Beasts
 15202 | Lair:1   | Reached skill level 5 in Summonings
 15653 | Lair:2   | Noticed a seven-headed hydra
 15668 | Lair:2   | Killed a seven-headed hydra
 15668 | Lair:2   | Reached skill level 5 in Staves
 17600 | Lair:3   | Reached skill level 1 in Invocations
 17832 | Lair:3   | Reached skill level 1 in Evocations
 17901 | Lair:3   | Reached skill level 5 in Dodging
 18244 | Lair:3   | Reached XP level 12. HP: 67/81 MP: 8/28
 18553 | Lair:3   | Found a staircase to the Swamp.
 19801 | Lair:4   | Reached skill level 5 in Invocations
 20029 | Lair:4   | Reached skill level 5 in Evocations
 20934 | Lair:4   | HP: 4/81 [poisoned by a soldier ant]
 21357 | Lair:2   | Learned a level 2 spell: Blink
 21364 | Lair:2   | Learned a level 6 spell: Ozocubu's Refrigeration
 22116 | Lair:5   | Identified Loip Twu's Grimoire of Scorching Curses
 22176 | Lair:5   | Found a glowing silver altar of Zin.
 23571 | Lair:6   | Reached skill level 11 in Ice Magic
 23780 | Lair:6   | Found a hole to the Spider Nest.
 24313 | Lair:2   | Gained mutation: You are resistant to hostile enchantments. [potion of mutation]
 24313 | Lair:2   | Gained mutation: You occasionally shout uncontrollably. [potion of mutation]
 24313 | Lair:2   | Gained mutation: You are weak (Str -1). [potion of mutation]
 24314 | Lair:2   | Gained mutation: You have a slow metabolism. [potion of mutation]
 24314 | Lair:2   | Lost mutation: You are resistant to hostile enchantments. [potion of mutation]
 24314 | Lair:2   | Lost mutation: You occasionally shout uncontrollably. [potion of mutation]
 24855 | Lair:7   | Reached skill level 1 in Translocations
 25235 | Lair:7   | Reached skill level 5 in Air Magic
 25244 | Lair:7   | Slain by a yak

Action                   |  1- 3 |  4- 6 |  7- 9 | 10-12 || total
-------------------------+-------+-------+-------+-------++-------
Melee: Whip              |    26 |       |       |       ||    26
       Unarmed           |     2 |       |       |       ||     2
       Trident           |    17 |    88 |   178 |       ||   283
       Quarterstaff      |       |       |    48 |   147 ||   195
 Cast: Freeze            |    60 |   106 |   266 |   810 ||  1242
       Throw Frost       |       |       |    15 |   403 ||   418
       Throw Icicle      |       |       |     2 |    44 ||    46
       Ozocubu's Armour  |       |       |       |     5 ||     5
       Summon Ice Beast  |       |       |       |     4 ||     4
Invok: Channel Energy    |       |       |       |    54 ||    54
 Abil: Breathe Lightning |       |       |     5 |     5 ||    10
Evoke: Wand              |       |       |     7 |    12 ||    19
  Use: Scroll            |       |     7 |    11 |    19 ||    37
       Potion            |       |       |     1 |     4 ||     5
 Stab: Sleeping          |     2 |     2 |     3 |       ||     7
       Distracted        |       |       |       |     1 ||     1
